 Dungeon Crawl Stone Soup version 0.14-a0-1388-g200237c (webtiles) character file.

443 Psiweapon the Grave Robber (level 5, -4/35 HPs)
             Began as a Mummy Necromancer on Dec 9, 2013.
             Splashed by a jelly's acid (11 damage)
             ... on Level 4 of the Dungeon.
             The game lasted 00:18:00 (3827 turns).

Psiweapon the Grave Robber (Mummy Necromancer)      Turns: 3827, Time: 00:18:01

HP  -4/35        AC  2     Str 12      XL: 5   Next: 51%
MP   3/9         EV 11     Int 14      God:
Gold 240         SH  0     Dex 12      Spells:  2 memorised,  4 levels left

rFire  x . .     SeeInvis .     e - +4,+2 elf short sword
rCold  + . .     Clarity  .     l - -1 elf leather armour
rNeg   + + +     Conserve .     (no shield)
rPois  +         rCorr    .     (no helmet)
rElec  .         rRot     +     (no cloak)
SustAb . .       Spirit   .     (no gloves)
rMut   .         Warding  .     (no boots)
Saprov . . .     Stasis   .     (no amulet)
                                (no ring)
                                (no ring)

@: very slightly contaminated, slightly resistant to hostile enchantments,
fairly stealthy
A: no food or potions, fire vulnerability, restore body, cold resistance 1, life
protection 3, poison resistance, torment resistance, unbreathing
a: no special abilities


You were on level 4 of the Dungeon.
You were not hungry.

You visited 1 branch of the dungeon, and saw 4 of its levels.

You collected 240 gold pieces.

Inventory:

Hand weapons
 e - a +4,+2 elven short sword (weapon)
 h - a +0,+0 falchion
Missiles
 d - 7 needles of slowing
Armour
 a - a +0 robe
 l - a -1 elven leather armour (worn)
Scrolls
 c - 3 scrolls of teleportation
 f - a scroll of fear
 g - a scroll of magic mapping {unknown}
 i - 4 scrolls of enchant armour
 k - a scroll of blinking
 m - 2 scrolls of curse weapon
Books
 b - a book of Necromancy

   Spells                             Type                      Level
   *Pain                              Necromancy                   1
   Animate Skeleton                   Necromancy                   1
   Lethal Infusion                    Charms/Necromancy            2
   *Vampiric Draining                 Necromancy                   3
   Regeneration                       Charms/Necromancy            3
   Animate Dead                       Necromancy                   4
   Control Undead                     Necromancy                   4


   Skills:
 + Level 1.8 Short Blades
 + Level 2.9 Dodging
 + Level 3.0 Stealth
 - Level 2.0 Spellcasting
 + Level 4.6 Necromancy


You had 4 spell levels left.
You knew the following spells:

 Your Spells              Type           Power        Failure   Level  Hunger
a - Pain                  Necr           ##..         3%          1    N/A
b - Vampiric Draining     Necr           ##........   12%         3    N/A

Dungeon Overview and Level Annotations

Branches:
Dungeon (4/16)
 Temple: D:4-7

Altars:
Elyvilon
Fedhas
Nemelex Xobeh
Xom


Innate Abilities, Weirdness & Mutations

You do not eat or drink.
Your flesh is vulnerable to fire.
Your flesh is cold resistant.
You are immune to negative energy.
Your system is resistant to poisons.
You are immune to unholy pain and torment.
You can survive without breathing.


Message History

Press: ? - help, Shift-Dir - straight line, f - jelly
Aim: a jelly The jelly is moderately wounded.
You feel life coursing into your body. The jelly hits you.
You are splashed with acid!
The acid corrodes your +0 elven leather armour!
The acid burns!
* * * LOW HITPOINT WARNING * * *
Casting: Vampiric Draining
Confirm with . or Enter, or press ? or * to list all spells.
Aiming: Vampiric Draining
Press: ? - help, Shift-Dir - straight line, f/p - jelly
Aim: a jelly (moderately wounded)
You miscast Vampiric Draining.
You are very lightly contaminated with residual magic.
Strange energies run through your body.
The crimson imp blinks!
The jelly hits you.
* * * LOW HITPOINT WARNING * * *
You are splashed with acid!
The acid burns!
You die...

........ ... ######## #.#
# #. #.# ########
##.####.########
..........%...............
######## #....§.>........
..# ######.######### .####
#J# .#⌠⌠# #@# ##__##
##.######### ##..P#
#..........# ##''#
#..........# ##..#
#..........#
#...###########..........#
.........................#
###############..........#
#..........#


You could see a jelly.

Vanquished Creatures
  A hound (D:4)
  An orc wizard (D:3)
  4 adders
  2 worms
  4 giant geckos
  2 oozes (D:1)
  4 orcs (D:3)
  3 giant cockroaches
  9 hobgoblins
  3 quokkas (D:2)
  3 ball pythons
  6 bats
  5 giant newts
  8 goblins
  6 jackals
  13 kobolds
  14 rats
88 creatures vanquished.

Notes
Turn   | Place    | Note
--------------------------------------------------------------
     0 | D:1      | Psiweapon, the Mummy Necromancer, began the quest for the Orb.
     0 | D:1      | Reached XP level 1. HP: 13/13 MP: 3/3
   381 | D:1      | Reached XP level 2. HP: 19/19 MP: 0/4
   608 | D:1      | Found a sparkling altar of Nemelex Xobeh.
  1283 | D:2      | Reached XP level 3. HP: 24/24 MP: 4/6
  1299 | D:2      | Learned a level 3 spell: Vampiric Draining
  1392 | D:2      | Reached skill level 1 in Short Blades
  1473 | D:2      | Found a blossoming altar of Fedhas.
  2247 | D:3      | Reached XP level 4. HP: 23/30 MP: 3/7
  3185 | D:3      | Found a shimmering altar of Xom.
  3299 | D:3      | Reached XP level 5. HP: 24/35 MP: 2/9
  3767 | D:4      | Found a white marble altar of Elyvilon.
  3767 | D:4      | Found a sparkling altar of Nemelex Xobeh.
  3827 | D:4      | Splashed by a jelly's acid

Action                   |  1- 3 |  4- 6 || total
-------------------------+-------+-------++-------
Melee: Short sword       |    53 |   101 ||   154
 Cast: Pain              |    65 |    52 ||   117
       Vampiric Draining |     3 |     9 ||    12
  Use: Scroll            |     4 |     3 ||     7
 Stab: Sleeping          |       |     1 ||     1
